 Dungeon Crawl Stone Soup version 0.28.0-53-g5a82cb258f (webtiles) character file.

Game seed: 9611249327338968472

26837 ChickenMitten the Ogre Mage (level 13, -3/132 HPs)
             Began as an Ogre Summoner on Aug 1, 2022.
             Was an Initiate of Gozag.
             Killed by an exploding themself (19 damage)
             ... ignited by their inner flame
             ... on level 4 of the Lair of Beasts on Aug 2, 2022.
             The game lasted 01:16:53 (18819 turns).

ChickenMitten the Ogre Mage (Ogre Summoner)        Turns: 18819, Time: 01:16:54

Health: -3/132     AC:  5    Str: 17    XL:     13   Next: 28%
Magic:  36/42      EV: 10    Int: 20    God:    Gozag
Gold:   275        SH:  0    Dex: 11    Spells: 24/44 levels left

rFire   + . .      SeeInvis .   F - +2 spear (vorpal)
rCold   . . .      Faith    .   (no shield)
rNeg    . . .      Spirit   .   a - +0 robe
rPois   .          Reflect  +   (helmet restricted)
rElec   .          Harm     .   C - +1 cloak
rCorr   .          Rampage  .   (gloves unavailable)
Will    +....                   (boots unavailable)
Stlth   ++........              j - amulet of reflection
HPRegen 0.32/turn               E - ring of magical power
MPRegen 0.28/turn               W - ring of protection from fire

@: confused, gold aura, unable to read
A: large, unfitting armour, tough skin 1, thin skeletal structure 1, strong 1,
inability to read while threatened
a: Renounce Religion, Potion Petition, Call Merchant, Bribe Branch


You were on level 4 of the Lair of Beasts.
You worshipped Gozag.
Gozag was aware of your devotion.
You visited 2 branches of the dungeon, and saw 13 of its levels.

You collected 2597 gold pieces.
You spent 785 gold pieces at shops.
You paid 1537 gold pieces to Gozag.

Inventory:

Hand Weapons
 c - a +0 dagger
 n - a +1 spectral club
 u - a +0 giant club
 v - a +0 giant spiked club
 y - a +3 spear
 F - a +2 vorpal spear (weapon)
Missiles
 k - 5 large rocks
 x - 3 atropa-tipped darts
Armour
 a - a +0 robe (worn)
 s - a +0 pair of boots
 C - a +1 cloak (worn)
Magical Staves
 o - a staff of fire
Jewellery
 g - an amulet of faith
 j - an amulet of reflection (around neck)
 E - a ring of magical power (left hand)
 H - a ring of ice
 L - a ring of see invisible
 N - a ring of ice
 W - a ring of protection from fire (right hand)
Wands
 m - a wand of flame (8)
 r - a wand of acid (8)
 D - a wand of digging (12)
 O - a wand of charming (4)
 R - a wand of paralysis (8)
 S - a wand of polymorph (2)
 V - a wand of iceblast (6)
Scrolls
 b - 3 scrolls of immolation
 d - 3 scrolls of magic mapping
 e - 6 scrolls of enchant weapon
 l - a scroll of fog
 t - 3 scrolls of blinking
 w - 3 scrolls of fear
 I - a scroll of teleportation
 M - 2 scrolls of vulnerability
 T - 2 scrolls of enchant armour
 U - a scroll of amnesia
Potions
 f - 2 potions of berserk rage
 h - 2 potions of degeneration
 i - 2 potions of flight
 q - 3 potions of attraction
 z - 2 potions of lignification {unknown}
 A - 2 potions of haste
 B - 3 potions of might {unknown}
 G - a potion of resistance {unknown}
 J - a potion of curing
 K - 2 potions of magic {unknown}
 P - a potion of invisibility {unknown}
 Q - 7 potions of ambrosia


   Skills:
 - Level 9.7 Fighting
 - Level 0.1 Short Blades
 - Level 2.0 Dodging
 - Level 1.6 Stealth
 - Level 0.2 Shields
 - Level 16.1 Spellcasting
 - Level 0.1 Hexes
 - Level 13.6 Summonings
 + Level 3.0 Necromancy
 - Level 0.4 Air Magic


You had 24 spell levels left.
You knew the following spells:

 Your Spells              Type           Power      Damage    Failure   Level
a - Summon Small Mammal   Summ           100%       N/A       0%          1
b - Call Imp              Summ           63%        N/A       1%          2
c - Call Canine Familiar  Summ           63%        N/A       1%          3
d - Summon Guardian Gole  Hex/Summ       43%        N/A       1%          3
e - Summon Lightning Spi  Summ/Air       44%        N/A       1%          4
f - Haunt                 Necr/Summ      24%        N/A       71%         7

Your spell library contained the following spells:

 Spells                   Type           Power      Damage    Failure   Level
 Pain                     Necr           100%       1d9       1%          1
 Sublimation of Blood     Necr           28%        N/A       1%          2
 Magic Dart               Conj           64%        1d6       3%          1
 Ensorcelled Hibernation  Hex/Ice        32%        N/A       5%          2
 Searing Ray              Conj           32%        2d5       5%          2
 Conjure Flame            Conj/Fire      16%        6-21      11%         3
 Ignite Poison            Fire/Tmut/Pois 16%        N/A       11%         3
 Mephitic Cloud           Conj/Pois/Air  16%        N/A       11%         3
 Spider Form              Tmut/Pois      16%        N/A       11%         3
 Animate Dead             Necr           14%        N/A       11%         4
 Anguish                  Hex/Necr       11%        N/A       19%         4
 Agony                    Necr           28%        N/A       28%         5
 Excruciating Wounds      Necr           14%        N/A       28%         5
 Fulminant Prism          Conj/Hex       8%         3d7       34%         4
 Hailstorm                Conj/Ice       16%        3d6       36%         4
 Ice Form                 Ice/Tmut       16%        N/A       36%         4
 Petrify                  Tmut/Erth      16%        N/A       36%         4
 Sticky Flame             Conj/Fire      16%        2d4       36%         4
 Irradiate                Conj/Tmut      8%         3d16      71%         5
 Simulacrum               Ice/Necr       11%        N/A       97%         6
 Infestation              Necr           14%        N/A       100%        8


Dungeon Overview and Level Annotations

Branches:
Dungeon (9/15)             Temple (0/1) D:5            Lair (4/6) D:8
 Shoals (0/4) Lair:2          Orc (0/2) D:9
  Snake: Lair:2-4    Spider: Lair:2-4

Altars:
Gozag

Shops:
Lair:2 !   Lair:3 :

Annotations:
D:3 2 transporters, zoefcunningham's ghost, weakling MiBe
D:7 exclusion: ice statue
D:8 Maurice


Innate Abilities, Weirdness & Mutations

You are too large for most types of armour.
You have tough skin. (AC +1)
You have a somewhat thin skeletal structure. (Dex +2, Stealth+)
Your muscles are strong. (Str +2)
You sometimes lose the ability to read scrolls when taking damage.


Message History

Aim: a culicivora (will become a black mamba, a manticore, or a tarantella, chance to affect: 49%)
The culicivora evaporates and reforms as a tarantella!
The jumping spider leaps!
The tarantella barely misses you.
Your lightning spire shoots out a bolt of lightning at the jumping spider!
The bolt of electricity hits the jumping spider! x2
Your crimson imp hits the jumping spider but does no damage.
The jumping spider pounces on your guardian golem.
Flame seeps out of your guardian golem.
The jumping spider bites your guardian golem but does no damage.
The jumping spider pounces on your crimson imp!
Flame seeps out of your guardian golem.
The jumping spider misses your crimson imp.
A culicivora comes into view.
Your guardian golem is engulfed in blazing flames.
Flame seeps out of your guardian golem.
Your lightning spire shoots out a bolt of lightning at the jumping spider!
The bolt of electricity hits the jumping spider!
The jumping spider dies!
Your crimson imp misses the tarantella.
The tarantella touches you.
* * * LOW HITPOINT WARNING * * *
You are confused.
Your Necromancy skill increases to level 3!
Are you sure you want to stumble around while confused and next to your crimson imp?
Okay, then.
Are you sure you want to stumble around while confused and next to your crimson imp?
You're too confused to move!
The jumping spider leaps!
The tarantella completely misses you.
Your guardian golem is engulfed in blazing flames.
Flame seeps out of your guardian golem.
Your lightning spire shoots out a bolt of lightning at the tarantella!
The bolt of electricity hits the tarantella!
The bolt of electricity hits your guardian golem.
Your guardian golem resists.
Your guardian golem disappears in a puff of smoke!
The bolt of electricity hits the plant!
The plant begins to die.
Your guardian golem explodes!
The fiery explosion engulfs your warg!! The fiery explosion engulfs you!!
You resist.
You die...
Your body crumbles into a pile of gold.

##...## ##...##..#
##.#.###......$.##
#...........s...#
###..................
#.......8$...........
#..#..................#
###........$..........#
#....$h5s............#
#..s..°§@..........###
####..§.§.........#
#...........###
###P##....### ## ######


You could see a culicivora, a jumping spider, a tarantella (ally target), a
friendly warg (summoned, sheltered), a friendly lightning spire (summoned,
sheltered) and a friendly crimson imp (summoned, sheltered).

Vanquished Creatures
  Grinder (D:6)
  4 yaks
  A wyvern (D:8)
  A steam dragon (Lair:2)
  A water moccasin (Lair:2)
  A hornet zombie (D:6)
  A necrophage (D:6)
  2 bullfrogs
  2 killer bees (Lair:2)
  A wight (D:6)
  An electric eel (Lair:3)
  A centaur skeleton (D:7)
  An iguana (D:7)
  Natasha (D:4)
  A hell rat (Lair:1)
  A hound zombie (D:5)
  2 adders
  A dart slug (D:3)
  4 orcs
  An endoplasm (D:2)
  3 giant cockroaches
  4 goblins
  3 hobgoblins
  3 quokkas
  4 ball pythons
  3 bats
  2 frilled lizards
  8 kobolds
  3 rats
62 creatures vanquished.

Vanquished Creatures (collateral kills)
  5 hydras
  An ugly thing (D:8)
  A torpor snail (Lair:3)
  5 cane toads
  6 rime drakes
  5 komodo dragons
  A queen bee (Lair:2)
  5 polar bears
  2 hornets
  3 jumping spiders (Lair:4)
  A shadow (D:7)
  15 yaks
  4 basilisks
  8 steam dragons (Lair:2)
  9 water moccasins
  2 orc warriors (D:9)
  4 sky beasts
  An ice beast (D:6)
  2 black bears
  3 ogres
  3 centaurs
  9 bullfrogs
  A kobold brigand (D:6)
  4 scorpions
  21 killer bees
  8 wights
  3 nameless horrors
  A centaur zombie (D:6)
  A bullfrog zombie (D:6)
  3 orc priests
  2 bullfrog skeletons
  2 hounds
  A jelly (D:6)
  A gnoll shaman (D:9)
  Ijyb (D:3)
  2 centaur skeletons
  2 iguanas (D:4)
  3 orc wizards
  4 hell rats
  A killer bee zombie (D:9)
  4 gnolls (D:9)
  A howler monkey zombie (D:9)
  5 adders
  A shadow imp (D:4)
  A white imp (D:7)
  An ufetubus (D:5)
  3 worms
  2 dart slugs (D:1)
  13 orcs
  2 ball pythons
  6 endoplasms
  A giant cockroach (D:4)
  3 goblins
  7 hobgoblins
  3 jackals (D:5)
  8 kobolds
  A quokka (D:3)
  3 bats
  A rat (D:3)
  A bush (Lair:3)
223 creatures vanquished.

Vanquished Creatures (others)
  A dire elephant (Lair:3)
  A hydra (Lair:2)
  2 alligators (Lair:3)
  2 cane toads
  3 komodo dragons
  A rime drake (Lair:2)
  A culicivora (Lair:4)
  6 yaks
  2 steam dragons (Lair:2)
  A water moccasin (Lair:3)
  A centaur (D:9)
  An ogre (D:7)
  A kobold brigand (D:9)
  A scorpion (Lair:3)
  7 wights
  5 hell rats
  An orc (D:9)
  A kobold (D:9)
  11 fungi
  19 plants
68 creatures vanquished.

Grand Total: 353 creatures vanquished

Notes
Turn   | Place    | Note
-------+----------+-------------------------------------------
     0 | D:1      | ChickenMitten the Ogre Summoner began the quest for the
                  | Orb.
     0 | D:1      | Reached XP level 1. HP: 16/16 MP: 3/3
   351 | D:1      | Reached XP level 2. HP: 24/24 MP: 0/5
   950 | D:1      | Learned a level 2 spell: Call Imp
   963 | D:1      | Reached XP level 3. HP: 30/31 MP: 1/6
  1649 | D:2      | Learned a level 3 spell: Call Canine Familiar
  1765 | D:2      | Reached skill level 1 in Fighting
  2185 | D:2      | Reached XP level 4. HP: 41/41 MP: 8/8
  2232 | D:2      | Reached skill level 3 in Spellcasting
  3030 | D:3      | Reached XP level 5. HP: 48/48 MP: 3/10
  3101 | D:3      | Noticed Ijyb
  3111 | D:3      | Killed Ijyb
  3150 | D:3      | Reached skill level 4 in Spellcasting
  3323 | D:3      | Found a transporter.
  3323 | D:3      | Noticed zoefcunningham's ghost (weakling MiBe)
  3475 | D:3      | Found a transporter.
  3569 | D:4      | Reached skill level 5 in Summonings
  3915 | D:4      | Reached XP level 6. HP: 57/57 MP: 1/12
  4130 | D:4      | Noticed Natasha
  4149 | D:4      | Killed Natasha
  4455 | D:5      | Entered Level 5 of the Dungeon
  4461 | D:5      | Reached skill level 5 in Spellcasting
  4466 | D:5      | Reached XP level 7. HP: 66/66 MP: 7/14
  4717 | D:5      | Learned a level 3 spell: Summon Guardian Golem
  4840 | D:5      | Reached skill level 6 in Spellcasting
  4913 | D:5      | Found an opulent altar of Gozag.
  4974 | D:5      | Found a staircase to the Ecumenical Temple.
  5268 | D:6      | Reached XP level 8. HP: 50/75 MP: 10/17
  5426 | D:6      | HP: 1/112 [hornet zombie (12)]
  5428 | D:6      | Reached skill level 7 in Spellcasting
  6109 | D:6      | Learned a level 4 spell: Summon Lightning Spire
  6342 | D:6      | Noticed Grinder
  6925 | D:6      | Reached skill level 8 in Spellcasting
  6981 | D:6      | Killed Grinder
  6982 | D:6      | Reached XP level 9. HP: 80/85 MP: 17/21
  7523 | D:7      | Reached skill level 5 in Fighting
  7523 | D:7      | Reached skill level 9 in Spellcasting
  8155 | D:7      | Noticed an ice statue
  9149 | D:8      | Noticed a red ugly thing
  9170 | D:8      | Killed a red ugly thing
  9171 | D:8      | Reached skill level 10 in Spellcasting
  9171 | D:8      | Reached XP level 10. HP: 98/98 MP: 11/24
  9176 | D:8      | Noticed Maurice
  9700 | D:8      | Found a staircase to the Lair.
 10391 | D:5      | Became a worshipper of Gozag Ym Sagoz the Greedy
 10493 | D:9      | Found a staircase to the Orcish Mines.
 10684 | D:9      | Reached skill level 11 in Spellcasting
 10694 | D:9      | Reached skill level 10 in Summonings
 10697 | D:9      | Identified the +3 chain mail of Mepaley {Dex+2}
 11120 | D:9      | Reached skill level 12 in Spellcasting
 11625 | Lair:1   | Entered Level 1 of the Lair of Beasts
 11667 | Lair:1   | Reached XP level 11. HP: 109/109 MP: 27/27
 13545 | Lair:2   | Noticed a seven-headed hydra
 13552 | Lair:2   | Killed a seven-headed hydra
 13553 | Lair:2   | Reached skill level 13 in Spellcasting
 13647 | Lair:2   | Noticed an eight-headed hydra
 13655 | Lair:2   | Killed an eight-headed hydra
 13657 | Lair:2   | Noticed an eight-headed hydra
 13663 | Lair:2   | Killed an eight-headed hydra
 14127 | Lair:2   | Reached skill level 14 in Spellcasting
 14127 | Lair:2   | Reached XP level 12. HP: 114/120 MP: 29/30
 15585 | Lair:2   | Found a staircase to the Shoals.
 15890 | Lair:2   | Noticed an eight-headed hydra
 15904 | Lair:2   | Killed an eight-headed hydra
 16385 | Lair:2   | Bought a potion of heal wounds for 65 gold pieces
 16385 | Lair:2   | Bought a potion of mutation for 104 gold pieces
 16385 | Lair:2   | Gained mutation: You sometimes lose the ability to read
                  | scrolls when taking damage. [potion of mutation]
 16385 | Lair:2   | Gained mutation: You have a somewhat thin skeletal
                  | structure. (Dex +2, Stealth+) [potion of mutation]
 16385 | Lair:2   | Gained mutation: You are clumsy. (Dex -2) [potion of
                  | mutation]
 16385 | Lair:2   | Gained mutation: You have a pair of small antennae on your
                  | head. [potion of mutation]
 16386 | Lair:2   | Lost mutation: You have a pair of small antennae on your
                  | head. [potion of mutation]
 16386 | Lair:2   | Lost mutation: You are clumsy. (Dex -2) [potion of
                  | mutation]
 16386 | Lair:2   | Gained mutation: Your muscles are strong. (Str +2) [potion
                  | of mutation]
 16629 | Lair:3   | Reached skill level 15 in Spellcasting
 17181 | Lair:3   | Noticed a five-headed hydra
 17197 | Lair:3   | Killed a five-headed hydra
 17914 | Lair:3   | Noticed a dire elephant
 17940 | Lair:3   | Killed a dire elephant
 18059 | Lair:3   | Noticed an alligator
 18062 | Lair:3   | Noticed an alligator
 18068 | Lair:3   | Killed an alligator
 18069 | Lair:3   | Reached XP level 13. HP: 97/131 MP: 32/32
 18214 | Lair:3   | Paralysed by a hornet for 3 turns
 18224 | Lair:3   | Reached skill level 16 in Spellcasting
 18493 | Lair:3   | Bought a book of Death for 616 gold pieces
 18501 | Lair:3   | Learned a level 7 spell: Haunt
 18630 | Lair:4   | Reached skill level 1 in Necromancy
 18819 | Lair:4   | Killed by an exploding themself... ignited by their inner
                  | flame

Illustrated notes

Levels and vault maps discovered:
D:1:      psy_arrival_fountain, layout_basic
D:2:      layout_rooms
D:3:      layout_basic, gammafunk_ghost_stat_death, uniq_ijyb
D:4:      minmay_wonky_spiral, layout_basic, uniq_natasha
D:5:      layout_cave_pools, mainiacjoe_overflow_paths,
          minmay_temple_entry_glassed_door, minmay_holes
D:6:      layout_rooms, minmay_fractal_squares_5, uniq_grinder
D:7:      lemuel_ice_statue, layout_loops_cross, nrook_mini_vaults
D:8:      layout_basic, lair_entry_dummy, uniq_maurice
D:9:      layout_loops_cross, orc_0_dummy, chequers_jeans
Lair:1:   layout_regular_city, cheibrodos_lair_lostbears, grunt_megastairs_4
Lair:2:   layout_cave_pods, shoals_dummy_entry, special_room [special_room_bee],
          bobbens_dragon_lair_wall
Lair:3:   layout_chaotic_city, nicolae_lair_lakeside_cave
Lair:4:   layout_cave_pods, nicolae_spider_entry_tight_spaces

Skill      XL: |  1  2  3  4  5  6  7  8  9 10 11 12 13 |
---------------+----------------------------------------+-----
Dodging        | 2 |  2.0
Summonings     | 4 5 6 7 9 10 11 13 | 13.6
Fighting       | 1 2 3 4 5 7 8 9 |  9.7
Spellcasting   | 3 4 5 6 8 10 12 14 15 16 | 16.1
Necromancy     | 3 |  3.0
Short Blades   | |  0.1
Stealth        | |  1.6
Shields        | |  0.2
Hexes          | |  0.1
Air Magic      | |  0.4

Action                   |  1- 3 |  4- 6 |  7- 9 | 10-12 | 13-15 || total
-------------------------+-------+-------+-------+-------+-------++-------
Melee: Unarmed           |    44 |       |       |       |       ||    44
       Dagger            |    96 |    96 |       |       |       ||   192
       Punch             |     1 |       |     1 |       |       ||     2
       Staff             |       |    22 |    74 |       |       ||    96
       Spear             |       |       |     9 |   220 |    19 ||   248
 Cast: Summon Small Mamm |    29 |    26 |    57 |    28 |     4 ||   144
       Call Imp          |     9 |    19 |    30 |    33 |     2 ||    93
       Call Canine Famil |     1 |    15 |    35 |    60 |     8 ||   119
       Summon Guardian G |       |       |    19 |    68 |    10 ||    97
       Summon Lightning  |       |       |     6 |    66 |    11 ||    83
Invok: Call Merchant     |       |       |       |     1 |     1 ||     2
Evoke: Wand              |       |       |       |       |     1 ||     1
  Use: Scroll            |       |       |     5 |    10 |       ||    15
       Potion            |       |       |     4 |     2 |     3 ||     9
 Stab: Sleeping          |     1 |     1 |       |       |       ||     2
       Distracted        |       |     1 |     2 |     4 |     2 ||     9
Armor: Robe              |    40 |    25 |    13 |    31 |     6 ||   115
Dodge: Dodged            |    76 |    52 |    65 |    65 |    23 ||   281
Block: Other             |     5 |    27 |    32 |    30 |     6 ||   100
       Reflection        |       |       |     5 |     3 |       ||     8
